 Dungeon Crawl Stone Soup version 0.21.1-1-g345015f (webtiles) character file.

1837 inc the Nimble (level 8, -3/34 HPs)
             Began as a Felid Enchanter on Feb 22, 2018.
             Was an Initiate of Gozag.
             Killed from afar by an orc wizard (8 damage)
             ... with a magic dart
             ... on level 10 of the Dungeon.
             The game lasted 00:38:09 (14128 turns).

inc the Nimble (Felid Enchanter)                   Turns: 14128, Time: 00:38:10

Health: -3/34      AC:  2    Str:  4    XL:     8   Next: 87%
Magic:  14/21      EV: 26    Int: 20    God:    Gozag
Gold:   901        SH:  0    Dex: 16    Spells: 14/23 levels left
                                        Lives:  0   Deaths: 2

rFire    . . .     SeeInvis +     - Unarmed
rCold    . . .     Gourm    .   (shield unavailable)
rNeg     . . .     Faith    .   (armour unavailable)
rPois    +         Spirit   .   (helmet unavailable)
rElec    .         Reflect  .   (cloak unavailable)
rCorr    .         Harm     .   (gloves unavailable)
MR       +....                  (boots unavailable)
Stlth    ++........             (no amulet)
HPRegen  0.11/turn              s - ring of poison resistance
MPRegen  0.17/turn              (no ring)

@: confused, quick
A: very small, no armour, no weapons or thrown items, stealth, claws 1, fangs 3,
see invisible, carnivore, speed 1, shaggy fur 2, slow metabolism 1, sharp paws
a: Potion Petition, Call Merchant, Bribe Branch, Renounce Religion


You were on level 10 of the Dungeon.
You worshipped Gozag.
Gozag was pleased with you.
You were not hungry.

You visited 1 branch of the dungeon, and saw 10 of its levels.

You collected 1486 gold pieces.
You paid 585 gold pieces to Gozag.

Inventory:

Jewellery
 s - a ring of poison resistance (left paw)
 v - an uncursed amulet of guardian spirit
Wands
 h - a wand of polymorph (15)
 o - a wand of enslavement (21)
 A - a wand of clouds (5)
Scrolls
 d - 4 scrolls of remove curse {unknown}
 j - a scroll of fog {unknown}
 l - 2 scrolls of blinking {unknown}
 m - 3 scrolls of enchant weapon {unknown}
 p - 2 scrolls of fear {unknown}
 q - 6 scrolls of teleportation {unknown}
 r - 2 scrolls of immolation {unknown}
 u - a scroll of random uselessness {unknown}
 x - a scroll of vulnerability {unknown}
 y - 2 scrolls of identify
 B - a scroll of enchant armour {unknown}
Potions
 c - a potion of invisibility {unknown}
 e - a potion of cancellation {unknown}
 f - 4 potions of curing
 g - 3 potions of heal wounds
 i - a potion of resistance
 k - 2 potions of flight
 n - a potion of brilliance
 t - 2 potions of haste
 w - a potion of mutation
 z - a potion of lignification {unknown}
Books
 a - a book of Maledictions

   Spells                             Type                      Level
   a - Corona                         Hexes                        1
   b - Ensorcelled Hibernation        Hexes/Ice                    2
   c - Confuse                        Hexes                        3
   d - Tukima's Dance                 Hexes                        3
   e - Dazzling Spray                 Conjuration/Hexes            3
Comestibles
 b - 10 rations


   Skills:
 - Level 3.1 Fighting
 - Level 10.0 Dodging
 - Level 9.0 Stealth
 - Level 5.2 Unarmed Combat
 - Level 8.0 Spellcasting
 + Level 8.1 Hexes
 + Level 4.1 Ice Magic


You had 14 spell levels left.
You knew the following spells:

 Your Spells              Type           Power        Failure   Level  Hunger
a - Corona                Hex            #####..      1%          1    None
b - Ensorcelled Hibernat  Hex/Ice        ####..       1%          2    None
c - Confuse               Hex            #####...     1%          3    None
d - Tukima's Dance        Hex            #####...     1%          3    None


Dungeon Overview and Level Annotations

Branches:
Dungeon (10/15)            Temple (0/1) D:7            Lair (0/6) D:8
    Orc: D:9-12

Altars:
Ashenzari
Cheibriados
Dithmenos
Elyvilon
Fedhas
Gozag
Kikubaaqudgha
Makhleb
Qazlal
Trog
Vehumet
Wu Jian
Xom
The Shining One

Shops:
D:6 :=

Annotations:
D:2 Jessica, Sigmund
D:3 Piucca's ghost, amateur OgBe; Robin
D:6 Lovchig's ghost, novice DDFi
D:8 Sempronis's ghost, novice TrFi


Innate Abilities, Weirdness & Mutations

You cannot wear armour.
You are incapable of wielding weapons or throwing items.
Your paws allow you to move quietly. (Stealth)
You have sharp claws.
You have razor-sharp teeth.
You have supernaturally acute eyesight. (SInv)
You are carnivorous and can eat meat at any time.
You cover ground quickly.
You are covered in thick fur. (AC +2)
You have a slow metabolism.
Your sharp claws are effective at attacking unaware monsters.


Message History

The orc wizard mumbles some strange words.
The orc wizard blinks!
Casting: Ensorcelled Hibernation
Confirm with . or Enter, or press ? or * to list all spells.
Aiming: Tukima's Dance
Press: ? - help, Shift-Dir - straight line, f - orc warrior, p - orc wizard
Aim: an orc warrior, wielding a battleaxe and wearing a plate armour (chance to defeat MR: 76%)
The battleaxe dances into the air!
The orc wizard hits you with a dagger. The orc wizard hits you with a dagger.
The orc wizard points at you and mumbles some strange words.
The magic dart hits you!
The orc wizard gestures at you while chanting.
You are confused.
The orc wizard gestures at you while chanting.
The magic dart hits you!
* * * LOW HITPOINT WARNING * * *
The orc wizard points at you and mumbles some strange words.
The magic dart hits you!
You die...
Your body crumbles into a pile of gold.

####.....####........#
#..#.....# #.........
#..#.....# #.........
#..#.....# #.........
#..'.....# #.........
#..#.....# #.........
#..#.....# #........#
####.....# #........#
#..#.@...# #......>.+
#..#.....# #........#
#..#oo...# #........#
#..'o....# #........#
#..#.o...# #........#
####.....# ###+#....#
#.....# #....# #.....#
#....# #.....# #....#


You could see an orc warrior, an orc priest and 2 orc wizards.

Vanquished Creatures
  A two-headed ogre (D:8)
  Pikel (D:9)
  A komodo dragon (D:8)
  A troll (D:9)
  A hippogriff (D:9)
  A yak (D:10)
  A black bear (D:8)
  Duvessa (D:5)
  2 ice beasts (D:7)
  An orc warrior (D:6)
  A hornet zombie (D:9)
  3 sky beasts
  4 ogres
  A phantom (D:5)
  5 centaurs
  A big kobold (D:10)
  Blork the orc (D:4)
  A bullfrog (D:6)
  A scorpion (D:8)
  Dowan (D:5)
  3 wights
  2 howler monkeys
  3 crimson imps
  A quasit (D:8)
  A centaur zombie (D:10)
  A bullfrog zombie (D:9)
  3 orc priests
  6 hounds
  2 bullfrog skeletons
  A jelly (D:8)
  5 iguanas
  4 orc wizards
  A centaur skeleton (D:8)
  8 worker ants
  A killer bee zombie (D:8)
  A hound zombie (D:9)
  2 hound skeletons
  A mummy (D:9)
  A worker ant zombie (D:10)
  12 adders
  7 gnolls
  2 shadow imps
  4 adder skeletons
  An adder zombie (D:9)
  A dart slug (D:1)
  4 worms
  8 leopard geckos
  29 orcs
  9 giant cockroaches
  5 goblins
  6 hobgoblins
  6 jackals
  5 quokkas
  10 bats
  7 frilled lizards
  6 kobolds
  A leopard gecko skeleton (D:5)
  A quokka skeleton (D:10)
  A quokka zombie (D:5)
  3 rats (D:1)
205 creatures vanquished.

Vanquished Creatures (collateral kills)
  An orc wizard (D:8)
1 creature vanquished.

Vanquished Creatures (others)
  The ghost of buskinjo the Cudgeler, an amateur DrGl (D:4)
  A dancing weapon (D:8)
  A plant (D:8)
3 creatures vanquished.

Grand Total: 209 creatures vanquished

Notes
Turn   | Place    | Note
-------+----------+-------------------------------------------
     0 | D:1      | inc the Felid Enchanter began the quest for the Orb.
     0 | D:1      | Reached XP level 1. HP: 7/7 MP: 4/4
   493 | D:1      | Reached XP level 2. HP: 11/11 MP: 6/6
   519 | D:1      | Learned a level 2 spell: Ensorcelled Hibernation
  1306 | D:1      | Reached XP level 3. HP: 13/14 MP: 5/7
  1311 | D:1      | Learned a level 3 spell: Confuse
  1783 | D:2      | Noticed Jessica
  2121 | D:2      | Found a bloodstained altar of Trog.
  2698 | D:2      | Reached XP level 4. HP: 18/18 MP: 8/8
  2744 | D:2      | Found an opulent altar of Gozag.
  2763 | D:2      | Became a worshipper of Gozag Ym Sagoz the Greedy
  2897 | D:2      | Reached skill level 3 in Dodging
  2906 | D:2      | Noticed Sigmund
  3093 | D:2      | Found a shadowy altar of Dithmenos.
  3164 | D:2      | Reached skill level 1 in Fighting
  3904 | D:2      | Reached XP level 5. HP: 22/22 MP: 6/9
  4008 | D:3      | Reached skill level 4 in Dodging
  4522 | D:3      | Noticed Robin
  4680 | D:4      | Noticed an ogre
  4703 | D:4      | Killed an ogre
  4703 | D:4      | Reached skill level 5 in Dodging
  4703 | D:4      | Gained mutation: You are covered in thick fur. (AC +2) [Felid growth]
  4703 | D:4      | Reached XP level 6. HP: 28/28 MP: 5/10
  4875 | D:4      | Found a stormy altar of Qazlal.
  4918 | D:3      | Found an ornate altar of the Wu Jian Council.
  5041 | D:4      | Found a burning altar of Makhleb.
  5186 | D:4      | Reached skill level 5 in Stealth
  5385 | D:4      | Killed buskinjo's ghost
  5684 | D:4      | Noticed Blork the orc
  5694 | D:4      | Killed Blork the orc
  5694 | D:4      | Reached XP level 7. HP: 26/31 MP: 8/11
  6159 | D:3      | Noticed Piucca's ghost (amateur OgBe)
  6527 | D:5      | Entered Level 5 of the Dungeon
  6597 | D:5      | Reached skill level 5 in Unarmed Combat
  6599 | D:5      | Noticed Dowan
  6609 | D:5      | Noticed Duvessa
  6611 | D:5      | Killed Dowan
  7701 | D:5      | Found a radiant altar of Vehumet.
  7795 | D:5      | Killed Duvessa
  7969 | D:6      | Reached XP level 8. HP: 34/34 MP: 13/13
  8199 | D:6      | Reached skill level 1 in Ice Magic
  8206 | D:6      | Reached skill level 5 in Hexes
  8431 | D:6      | Noticed Lovchig's ghost (novice DDFi)
  9116 | D:7      | Found a glowing golden altar of the Shining One.
  9116 | D:7      | Found a blossoming altar of Fedhas.
  9122 | D:7      | Found an ancient bone altar of Kikubaaqudgha.
  9124 | D:7      | Found a shattered altar of Ashenzari.
  9126 | D:7      | Found a shimmering altar of Xom.
  9349 | D:6      | Found Uloos's Jewellery Boutique.
 10021 | D:6      | Found a snail-covered altar of Cheibriados.
 10270 | D:7      | Reached XP level 9. HP: 19/37 MP: 1/14
 10545 | D:7      | Reached skill level 6 in Dodging
 10554 | D:7      | Found a staircase to the Ecumenical Temple.
 10827 | D:8      | Noticed a two-headed ogre
 10842 | D:9      | Noticed a troll
 10847 | D:9      | Killed a troll
 10847 | D:9      | Reached skill level 7 in Dodging
 10903 | D:9      | Reached skill level 8 in Dodging
 10916 | D:9      | Found a white marble altar of Elyvilon.
 11053 | D:9      | Learned a level 3 spell: Tukima's Dance
 11211 | D:9      | Reached skill level 9 in Dodging
 11422 | D:8      | Noticed a two-headed ogre
 11453 | D:8      | Reached skill level 10 in Dodging
 11633 | D:9      | Noticed Pikel
 11645 | D:9      | Killed Pikel
 11645 | D:9      | Reached skill level 5 in Spellcasting
 12056 | D:9      | Killed from afar by an orc priest
 12057 | D:9      | Reached XP level 8. HP: -5/34 MP: 14/17
 12370 | D:10     | Entered Level 10 of the Dungeon
 12974 | D:10     | Reached XP level 9. HP: 37/37 MP: 11/18
 13531 | D:8      | Found a staircase to the Lair.
 13532 | D:8      | Noticed a komodo dragon
 13625 | D:8      | Killed a komodo dragon
 13728 | D:8      | Killed a two-headed ogre
 13772 | D:8      | Noticed Sempronis's ghost (novice TrFi)
 13880 | D:8      | HP: 1/37 [two-headed ogre (18)]
 13890 | D:8      | Mangled by a two-headed ogre
 13891 | D:8      | Reached XP level 8. HP: -7/34 MP: 6/21
 14128 | D:10     | Killed from afar by an orc wizard

Skill      XL: |  1  2  3  4  5  6  7  8  9 |
---------------+----------------------------+-----
Unarmed Combat | 2 3 4 5 |  5.2
Dodging        | 3 5 10 | 10.0
Fighting       | 1 3 |  3.1
Stealth        | 6 8 9 |  9.0
Spellcasting   | 3 8 |  8.0
Ice Magic      | 4 |  4.1
Hexes          | 8 |  8.1

Action                   |  1- 3 |  4- 6 |  7- 9 || total
-------------------------+-------+-------+-------++-------
Melee: Unarmed           |   119 |   103 |   272 ||   494
       Bite              |     8 |     3 |    24 ||    35
       Punch             |       |       |     4 ||     4
 Cast: Corona            |    21 |     2 |       ||    23
       Ensorcelled Hiber |     6 |    51 |   112 ||   169
       Confuse           |       |       |    32 ||    32
       Tukima's Dance    |       |       |     9 ||     9
Invok: Call Merchant     |       |       |     1 ||     1
  Use: Scroll            |       |       |     7 ||     7
 Stab: Sleeping          |     9 |    37 |    90 ||   136
       Confused          |       |       |    15 ||    15
       Distracted        |       |       |     1 ||     1
  Eat: Chunk             |    12 |       |       ||    12
       Ration            |       |       |    11 ||    11
Armor: Skin              |    15 |     5 |    11 ||    31
Dodge: Dodged            |   138 |   105 |   217 ||   460
